 Dungeon Crawl Stone Soup version 0.31-a0-233-g139696dc86 (webtiles) character file.

Game seed: 6148610274666872682

10497 qw the Marksminotaur (level 11, -8/99 HPs)
             Began as a Minotaur Hexslinger on July 8, 2023.
             Was a Priest of Okawaru.
             Mangled by an orc warrior
             ... wielding a +0 battleaxe
              (12 damage)
             ... on level 10 of the Dungeon.
             The game lasted 00:04:30 (10386 turns).

qw the Marksminotaur (Minotaur Hexslinger)         Turns: 10386, Time: 00:04:31

Health: -8/99      AC: 12    Str: 15    XL:     11   Next: 37%
Magic:  11/13      EV: 19    Int: 10    God:    Okawaru [***...]
Gold:   508        SH:  5    Dex: 19    Spells: 11/12 levels left

rFire   . . .        g - -2 triple crossbow
rCold   + + .        (shield currently unavailable)
rNeg    . . .        l - +3 leather armour
rPois   +            (helmet restricted)
rElec   .            (no cloak)
rCorr   .            h - +2 pair of gloves
SInv    +            c - +1 pair of boots
Will    .....        q - amulet of reflection
Stlth   ++++         v - ring "Qerutzun" {rC+ Str+2 Slay+4 SInv}
HPRegen 0.36/turn    w - ring of the Blue Sultana {rPois rC+ Dex+2 Stlth+}
MPRegen 0.13/turn

%: reflection
@: lethally poisoned (-8 -> -11), heroic
A: horns 2, retaliatory headbutt
a: Renounce Religion, Heroism


You were on level 10 of the Dungeon.
You worshipped Okawaru.
Okawaru was most pleased with you.
You visited 2 branches of the dungeon, and saw 11 of its levels.
You also visited: Ossuary.

You collected 509 gold pieces.
You spent 1 gold pieces at shops.


Innate Abilities, Weirdness & Mutations

You have a pair of horns on your head.
You reflexively headbutt those who attack you in melee.


   Skills:
 - Level 10.1(15.1) Fighting
 - Level 15.0(20.0) Ranged Weapons
 - Level 3.0(8.0) Armour
 + Level 7.1(12.1) Dodging
 - Level 1.0 Spellcasting
 - Level 2.0 Hexes
 - Level 4.0 Invocations


You had 11 spell levels left.
You knew the following spells:

 Your Spells              Type           Power      Damage    Failure   Level
a - Slow                  Hex            16%        N/A       19%         1

Your spell library contained the following spells:

 Spells                   Type           Power      Damage    Failure   Level
 Inner Flame              Hex/Fire       2%         N/A       63%         3
 Portal Projectile        Hex/Tloc       4%         N/A       63%         3
 Cause Fear               Hex            2%         N/A       87%         4

Inventory:

Hand Weapons
 g - a -2 triple crossbow (weapon)
Armour
 c - a +1 pair of boots (worn)
 h - a +2 pair of gloves (worn)
 l - a +3 leather armour (worn)
Jewellery
 p - a +4 ring of protection
 q - an amulet of reflection (around neck)
 t - a ring of protection from fire
 u - the ring of Xom's Bemusement {Fire Int+4 Stlth+}
   (You found it on level 9 of the Dungeon)

   [ring of fire]

   It enhances your fire magic.
   Int:       It affects your intelligence (+4).
   rF:        It protects you from fire.
   rC:        It makes you vulnerable to cold.
   Stlth:     It makes you more stealthy.
 v - the ring "Qerutzun" (left hand) {rC+ Str+2 Slay+4 SInv}
   (You found it on level 9 of the Dungeon)

   [ring of protection from cold]

   Str:       It affects your strength (+2).
   Slay:      It affects your accuracy & damage with ranged weapons and melee
   (+4).
   rC:        It protects you from cold.
   SInv:      It lets you see invisible.
 w - the ring of the Blue Sultana (right hand) {rPois rC+ Dex+2 Stlth+}
   (You took it off a tengu warrior on level 9 of the Dungeon)

   [ring of protection from cold]

   Dex:       It affects your dexterity (+2).
   rC:        It protects you from cold.
   rPois:     It protects you from poison.
   Stlth:     It makes you more stealthy.
 Y - the ring of Gueshredo {Fly rPois Int+2}
   (You took it off a deep elf pyromancer on level 9 of the Dungeon)

   [ring of flight]

   Int:       It affects your intelligence (+2).
   rPois:     It protects you from poison.
   Fly:       It grants you flight.
Wands
 b - a wand of digging (4)
Scrolls
 j - 2 scrolls of identify
Potions
 d - a potion of haste
 i - a potion of enlightenment
 k - a potion of resistance
 n - a potion of might
 o - a potion of curing
 r - a potion of mutation {unknown}
 s - a potion of berserk rage {unknown}

Dungeon Overview and Level Annotations

Branches:
Dungeon (10/15)            Temple (1/1) D:4         Ossuary (visited)
   Lair: D:8-11         Orc: D:9-12

Altars:
Ashenzari
Cheibriados
Dithmenos
Elyvilon
Fedhas
Gozag
Hepliaklqana
Kikubaaqudgha
Makhleb
Nemelex Xobeh
Okawaru
Qazlal
Ru
Sif Muna
Trog
Uskayaw
Vehumet
Wu Jian
Xom
Yredelemnul
The Shining One

Shops:
D:7 *   D:8 :   D:10 (

Annotations:
D:9 3 runed translucent doors
D:10 exclusion: 5 howler monkeys


Message History

You block the yak's attack. The yak gores you!
Sonja hits you but does no damage. Sonja misses you. Sonja closely misses you.
10382 ||| READING scroll of teleportation.
As you read the scroll of teleportation, it crumbles to dust.
You feel strangely unstable.
You feel very sick. The yak gores you but does no damage.
The yak closely misses you. Sonja misses you. You furiously retaliate!
You headbutt Sonja. Sonja completely misses you. Sonja closely misses you.
You shoot a bolt. The bolt hits Sonja!!!
You kill Sonja!
Okawaru is honoured by your kill.
You feel like a meek peon again.
You feel very sick.
The yak barely misses you. x2; The yak misses you.
The yak closely misses you. You furiously retaliate!
You headbutt the yak.
Your Ranged Weapons skill increases to level 15!
10384 ||| INVOKING Heroism.
You gain the combat prowess of a mighty hero.
Your surroundings suddenly seem different.
A howler monkey, an orc warrior and a wyvern come into view.
Found 3 poisoned darts.
You feel sick. You block the howler monkey's attack.
Enter note:
Enter note:
Enter note:
Enter note:
Enter note: You shoot a bolt.
The bolt barely misses the howler monkey.
The orc warrior shouts!
The wyvern hisses angrily.
You feel sick. The howler monkey misses you. You furiously retaliate!
You headbutt the howler monkey! You shoot a bolt.
The bolt hits the howler monkey.
The howler monkey is heavily wounded.
You feel sick.
The wyvern bites you but does no damage.
The howler monkey hoots and howls with incredible vigour!
The wyvern bites you!
The orc warrior hits you with a +0 battleaxe!
You die...

... #.#####.
.. .. . #. .
.. ..
########.#
........#
##..l..##..
#..@h......
#...o...#...
#.......#
#.........
##.....####
.......
#(.....##
#......#


You could see an orc warrior, a wyvern and a howler monkey (catching breath).

Vanquished Creatures
  A catoblepas (D:9)
  A tengu warrior (D:9)
  Sonja (D:10)
  Pikel (D:8)
  A deep elf pyromancer (D:9)
  A cyclops (D:9)
  A manticore (D:9)
  9 yaks (D:10)
  2 shadows
  2 wraiths
  A wyvern (D:9)
  4 steam dragons
  2 vampire mosquitoes (D:9)
  An acid dragon (D:8)
  A water moccasin (D:9)
  3 black bears
  An orc warrior (D:9)
  A sky beast (D:8)
  3 ogres
  3 centaurs
  4 phantoms
  6 kobold brigands
  8 bullfrogs
  5 scorpions
  A gnoll sergeant (D:7)
  7 wights
  A killer bee (D:9)
  7 howler monkeys
  5 hounds
  4 orc priests
  2 jellies (D:8)
  A gnoll bouda (D:8)
  4 sleepcaps
  4 iguanas
  7 orc wizards
  A mummy (Ossuary)
  10 gnolls
  11 adders
  A shadow imp (D:8)
  A white imp (D:6)
  An ufetubus (D:5)
  A worm (D:4)
  3 dart slugs
  24 orcs
  2 endoplasms
  3 giant cockroaches
  5 goblins
  4 hobgoblins
  5 jackals
  3 quokkas (D:1)
  5 ball pythons
  6 bats
  3 frilled lizards
  5 gnoll skeletons (Ossuary)
  36 kobolds
  9 kobold skeletons (Ossuary)
  11 orc skeletons (Ossuary)
  9 rats
265 creatures vanquished.

Notes
Turn   | Place    | Note
-------+----------+-------------------------------------------
     0 | D:1      | qw the Minotaur Hexslinger began the quest for the Orb.
     0 | D:1      | Reached XP level 1. HP: 16/16 MP: 1/1
     0 | D:1      | 0 ||| qw: Version: 0.3-a-46-gb1f654a
     0 | D:1      | 0 ||| qw: Game counter: 3379
     0 | D:1      | 0 ||| qw: Melee chars always use a shield: true
     0 | D:1      | 0 ||| qw: God list: Okawaru
     0 | D:1      | 0 ||| qw: Allow faded altars: false
     0 | D:1      | 0 ||| qw: Do Orc after clearing Dungeon:15 true
     0 | D:1      | 0 ||| qw: Do second Lair branch before Depths: true
     0 | D:1      | 0 ||| qw: Lair rune preference: random
     0 | D:1      | 0 ||| qw: Goals: Normal
     0 | D:1      | 0 ||| PLANNING D:1-11
    90 | D:1      | Reached skill level 3 in Ranged Weapons
   100 | D:1      | Reached XP level 2. HP: 22/23 MP: 2/2
   473 | D:1      | 473 ||| UPGRADING to +0 ring mail.
   483 | D:1      | 483 ||| DROPPING +0 robe.
   484 | D:1      | 484 ||| UPGRADING to +4 ring of protection.
   485 | D:1      | 485 ||| READING 2 scrolls labelled NOSANW KONNUI.
   486 | D:1      | 486 ||| READING scroll labelled ULYQUS SIRPHIRU.
   487 | D:1      | 487 ||| READING scroll labelled HIH QAOHAMM.
   488 | D:1      | 488 ||| READING 2 scrolls labelled MIOROQ UBBOO.
   489 | D:1      | 489 ||| DROPPING scroll of fear.
   490 | D:1      | 490 ||| DROPPING scroll of poison.
   515 | D:2      | 515 ||| STAIRDANCE
   520 | D:1      | Reached XP level 3. HP: 15/29 MP: 3/3
   830 | D:2      | Reached skill level 4 in Ranged Weapons
  1102 | D:2      | Found a faded altar of an unknown god.
  1297 | D:2      | 1297 ||| READING scroll labelled JIPURH TAEQUU.
  1350 | D:3      | Reached skill level 1 in Armour
  1402 | D:3      | Reached XP level 4. HP: 36/36 MP: 4/4
  1618 | D:3      | Found a burning altar of Makhleb.
  1688 | D:3      | Identified the +0 robe "Sumyerirgh" {rC+}
  2151 | D:3      | 2151 ||| UPGRADING to +0 robe "Sumyerirgh" {rC+}.
  2161 | D:3      | 2161 ||| UPGRADING to +0 pair of gloves.
  2166 | D:3      | 2166 ||| UPGRADING to amulet of guardian spirit.
  2171 | D:3      | 2171 ||| READING 3 scrolls labelled IRCHAWN ID BIC.
  2172 | D:3      | 2172 ||| READING scroll labelled TOIGRELIEWN.
  2173 | D:3      | 2173 ||| DRINKING 2 fizzy golden potions.
  2174 | D:3      | 2174 ||| DRINKING 2 amethyst potions.
  2175 | D:3      | 2175 ||| DROPPING potion of brilliance.
  2176 | D:3      | 2176 ||| DROPPING 2 scrolls of revelation.
  2259 | D:4      | Noticed a black bear
  2267 | D:4      | Killed a black bear
  2268 | D:4      | Reached skill level 5 in Ranged Weapons
  2268 | D:4      | Reached XP level 5. HP: 41/41 MP: 5/5
  2347 | D:4      | Noticed an ogre
  2353 | D:4      | Killed an ogre
  2354 | D:4      | Reached skill level 3 in Fighting
  2354 | D:4      | Reached XP level 6. HP: 36/52 MP: 3/6
  2508 | D:4      | 2508 ||| Stepping ~*~*~tactically~*~*~ (outnumbered).
  2509 | D:4      | 2509 ||| Stepping ~*~*~tactically~*~*~ (outnumbered).
  2543 | D:4      | Reached skill level 6 in Ranged Weapons
  2687 | D:4      | Found a sacrificial altar of Ru.
  2908 | D:4      | 2908 ||| FLEEEEING.
  2909 | D:4      | 2909 ||| FLEEEEING.
  2910 | D:4      | 2910 ||| FLEEEEING.
  2911 | D:4      | 2911 ||| FLEEEEING.
  2912 | D:4      | 2912 ||| FLEEEEING.
  2913 | D:4      | 2913 ||| FLEEEEING.
  2914 | D:4      | 2914 ||| FLEEEEING.
  2915 | D:4      | 2915 ||| FLEEEEING.
  2916 | D:4      | 2916 ||| FLEEEEING.
  3043 | D:4      | Found a staircase to the Ecumenical Temple.
  3044 | D:4      | 3044 ||| PLANNING TEMPLE
  3044 | D:4      | 3044 ||| DROPPING +0 ring mail.
  3045 | D:4      | 3045 ||| UPGRADING to +3 leather armour.
  3055 | D:4      | 3055 ||| DROPPING +0 robe "Sumyerirgh" {rC+}.
  3056 | D:4      | 3056 ||| READING scroll labelled ZIHESE FOKHONK.
  3057 | D:4      | 3057 ||| READING 2 scrolls of identify.
  3057 | D:4      | 3057 ||| IDENTIFYING purple potion
  3058 | D:4      | 3058 ||| DROPPING potion of invisibility.
  3067 | Temple   | Entered the Ecumenical Temple
  3068 | Temple   | 3068 ||| PLANNING OKAWARU WORSHIP
  3183 | Temple   | Became a worshipper of Warmaster Okawaru
  3184 | Temple   | 3184 ||| PLANNING D:1-11
  3184 | Temple   | 3184 ||| REMOVING amulet of guardian spirit.
  3189 | Temple   | 3189 ||| DROPPING amulet of guardian spirit.
  3840 | D:4      | Reached skill level 7 in Ranged Weapons
  3894 | D:4      | 3894 ||| READING scroll labelled SAMERYESOE.
  3949 | D:5      | Entered Level 5 of the Dungeon
  3959 | D:5      | Found a shimmering blue altar of Sif Muna.
  3959 | D:5      | Found a shimmering altar of Xom.
  3985 | D:5      | Reached XP level 7. HP: 34/59 MP: 7/7
  4110 | D:5      | HP: 14/59 [black bear (1)]
  4111 | D:5      | 4111 ||| DRINKING potion of heal wounds.
  4114 | D:5      | Reached skill level 8 in Ranged Weapons
  4117 | D:5      | HP: 11/59 [black bear (11)]
  4314 | D:5      | Reached * piety under Okawaru
  4315 | D:5      | Reached skill level 3 in Dodging
  4444 | D:5      | Reached skill level 1 in Invocations
  4556 | D:5      | Reached XP level 8. HP: 68/68 MP: 8/8
  4680 | D:5      | 4680 ||| UPGRADING to +0 pair of boots.
  4685 | D:5      | 4685 ||| READING scroll labelled EGHAKK RIHYIR.
  4686 | D:5      | 4686 ||| READING 2 scrolls labelled KIERAILORUMM.
  4687 | D:5      | 4687 ||| READING 2 scrolls of identify.
  4687 | D:5      | 4687 ||| IDENTIFYING fizzy red potion
  4688 | D:5      | 4688 ||| DROPPING scroll of amnesia.
  4689 | D:5      | 4689 ||| DROPPING potion of lignification.
  4714 | D:6      | 4714 ||| PLANNING SEWER
  4789 | D:6      | 4789 ||| INVOKING Heroism.
  4931 | D:6      | 4931 ||| INVOKING Heroism.
  4939 | D:6      | Reached skill level 9 in Ranged Weapons
  4939 | D:6      | Reached skill level 3 in Invocations
  4951 | D:6      | 4951 ||| Stepping ~*~*~tactically~*~*~ (cloud).
  5138 | D:6      | Reached skill level 6 in Fighting
  5394 | D:6      | Identified the +5 spear "Osomal" {holy, rF+}
  5399 | D:6      | Found a glowing drain.
  5400 | D:6      | 5400 ||| READING 2 scrolls labelled KAKHARGH SOAC.
  5404 | D:6      | 5404 ||| Stepping randomly (stuck).
  5405 | D:6      | 5405 ||| Stepping randomly (stuck).
  5406 | D:6      | 5406 ||| Stepping randomly (stuck).
  5407 | D:6      | 5407 ||| Stepping randomly (stuck).
  5408 | D:6      | 5408 ||| Stepping randomly (stuck).
  5409 | D:6      | 5409 ||| Stepping randomly (stuck).
  5410 | D:6      | 5410 ||| Stepping randomly (stuck).
  5411 | D:6      | 5411 ||| Stepping randomly (stuck).
  5412 | D:6      | 5412 ||| Stepping randomly (stuck).
  5413 | D:6      | 5413 ||| Stepping randomly (stuck).
  5414 | D:6      | 5414 ||| Stepping randomly (stuck).
  5415 | D:6      | 5415 ||| Stepping randomly (stuck).
  5422 | D:6      | 5422 ||| RIP SEWER
  5423 | D:6      | 5423 ||| PLANNING D:1-11
  5464 | D:6      | Reached skill level 10 in Ranged Weapons
  5499 | D:6      | 5499 ||| SWAPPING to +0 shortbow.
  5500 | D:6      | 5500 ||| DROPPING +1 sling of freezing.
  5677 | D:6      | 5677 ||| READING 2 scrolls of identify.
  5677 | D:6      | 5677 ||| IDENTIFYING bubbling ruby potion
  5678 | D:6      | 5678 ||| DROPPING potion of degeneration.
  5757 | D:6      | 5757 ||| STAIRDANCE
  5861 | D:7      | 5861 ||| PLANNING OSSUARY
  5888 | D:7      | Reached XP level 9. HP: 60/75 MP: 11/11
  6011 | D:7      | 6011 ||| INVOKING Heroism.
  6152 | D:7      | 6152 ||| INVOKING Heroism.
  6263 | D:7      | Found a sand-covered staircase.
  6264 | D:7      | 6264 ||| DROPPING amulet of magic regeneration.
  6270 | Ossuary  | Entered an ossuary
  6321 | Ossuary  | 6321 ||| READING 3 scrolls of enchant armour.
  6321 | Ossuary  | 6321 ||| ENCHANTING +0 pair of gloves.
  6322 | Ossuary  | 6322 ||| READING 2 scrolls of enchant armour.
  6322 | Ossuary  | 6322 ||| ENCHANTING +1 pair of gloves.
  6323 | Ossuary  | 6323 ||| READING scroll of enchant armour.
  6323 | Ossuary  | 6323 ||| ENCHANTING +0 pair of boots.
  6365 | Ossuary  | Reached ** piety under Okawaru
  6567 | Ossuary  | 6567 ||| DRINKING 2 clear potions.
  6568 | Ossuary  | 6568 ||| DRINKING 2 blue potions.
  6569 | Ossuary  | 6569 ||| READING 2 scrolls of identify.
  6569 | Ossuary  | 6569 ||| IDENTIFYING fizzy yellow potion
  6577 | D:7      | 6577 ||| PLANNING D:1-11
  6612 | D:7      | Reached skill level 11 in Ranged Weapons
  6626 | D:7      | 6626 ||| INVOKING Heroism.
  6792 | D:7      | Found Woamicinoaxt's Lightly-Used Armoury.
  6801 | D:7      | 6801 ||| BUYING -3 triple crossbow (1 gold).
  6801 | D:7      | Bought a -3 triple crossbow for 1 gold piece
  6801 | D:7      | 6801 ||| SWAPPING to -3 triple crossbow.
  6802 | D:7      | 6802 ||| DROPPING +0 shortbow.
  7045 | D:7      | 7045 ||| DRINKING 2 fizzy orange potions.
  7046 | D:7      | 7046 ||| DROPPING potion of attraction.
  7209 | D:8      | 7209 ||| Stepping ~*~*~tactically~*~*~ (outnumbered).
  7211 | D:8      | 7211 ||| INVOKING Heroism.
  7212 | D:8      | 7212 ||| Stepping ~*~*~tactically~*~*~ (outnumbered).
  7234 | D:8      | 7234 ||| INVOKING Heroism.
  7501 | D:8      | 7501 ||| INVOKING Heroism.
  7516 | D:8      | 7516 ||| Stepping ~*~*~tactically~*~*~ (outnumbered).
  7525 | D:8      | 7525 ||| INVOKING Heroism.
  7706 | D:8      | 7706 ||| INVOKING Heroism.
  7783 | D:8      | Reached skill level 12 in Ranged Weapons
  7817 | D:8      | 7817 ||| INVOKING Heroism.
  7837 | D:8      | Found Laas's Book Shoppe.
  8029 | D:8      | Noticed Pikel
  8030 | D:8      | 8030 ||| INVOKING Heroism.
  8035 | D:8      | Killed Pikel
  8036 | D:8      | Reached XP level 10. HP: 88/88 MP: 10/12
  8155 | D:8      | 8155 ||| INVOKING Heroism.
  8227 | D:8      | Found a glowing golden altar of the Shining One.
  8484 | D:8      | 8484 ||| UPGRADING to amulet of reflection.
  8489 | D:8      | 8489 ||| READING scroll labelled BUDIBUR WACIH.
  8590 | D:8      | 8590 ||| READING 3 scrolls of identify.
  8590 | D:8      | 8590 ||| IDENTIFYING red potion
  8591 | D:8      | 8591 ||| READING 2 scrolls of identify.
  8591 | D:8      | 8591 ||| IDENTIFYING dark potion
  8945 | D:9      | Reached skill level 13 in Ranged Weapons
  9047 | D:9      | 9047 ||| INVOKING Heroism.
  9055 | D:9      | 9055 ||| DRINKING 2 potions of curing.
  9055 | D:9      | 9055 ||| (to cure confusion)
  9063 | D:9      | 9063 ||| INVOKING Heroism.
  9271 | D:9      | Reached skill level 9 in Fighting
  9322 | D:9      | 9322 ||| INVOKING Heroism.
  9332 | D:9      | 9332 ||| Stepping ~*~*~tactically~*~*~ (cloud).
  9637 | D:9      | Found a runed translucent door.
  9638 | D:9      | Found a runed translucent door.
  9638 | D:9      | Noticed a two-headed ogre
  9639 | D:9      | Noticed a red ugly thing
  9639 | D:9      | Noticed a wizard
  9643 | D:9      | Noticed a cyclops
  9644 | D:9      | 9644 ||| Stepping ~*~*~tactically~*~*~ (outnumbered).
  9644 | D:9      | Noticed a centaur warrior
  9644 | D:9      | Identified the ring of Gueshredo {Fly rPois Int+2}
  9644 | D:9      | Noticed a deep elf pyromancer
  9645 | D:9      | 9645 ||| UPGRADING to ring of see invisible.
  9646 | D:9      | 9646 ||| READING scroll labelled YTSAOH SUSOAPP.
  9650 | D:9      | Reached skill level 6 in Dodging
  9653 | D:9      | 9653 ||| INVOKING Heroism.
  9655 | D:9      | Reached skill level 3 in Armour
  9656 | D:9      | Noticed a catoblepas
  9659 | D:9      | Killed a deep elf pyromancer
  9661 | D:9      | 9661 ||| Stepping ~*~*~tactically~*~*~ (cloud).
  9662 | D:9      | 9662 ||| Stepping ~*~*~tactically~*~*~ (cloud).
  9663 | D:9      | Killed a cyclops
  9664 | D:9      | 9664 ||| Stepping ~*~*~tactically~*~*~ (cloud).
  9666 | D:9      | 9666 ||| Stepping ~*~*~tactically~*~*~ (cloud).
  9670 | D:9      | 9670 ||| Stepping ~*~*~tactically~*~*~ (cloud).
  9671 | D:9      | 9671 ||| INVOKING Heroism.
  9672 | D:9      | Killed a catoblepas
  9673 | D:9      | Reached skill level 14 in Ranged Weapons
  9806 | D:9      | Found a runed translucent door.
  9813 | D:9      | Identified the ring of Xom's Bemusement {Fire Int+4 Stlth+}
  9816 | D:9      | Identified the ring "Qerutzun" {rC+ Str+2 Slay+4 SInv}
  9816 | D:9      | Identified the ring of the Blue Sultana {rPois rC+ Dex+2
                  | Stlth+}
  9816 | D:9      | Noticed a tengu warrior
  9821 | D:9      | 9821 ||| INVOKING Heroism.
  9824 | D:9      | Killed a tengu warrior
  9824 | D:9      | Reached *** piety under Okawaru
  9824 | D:9      | Noticed a manticore
  9825 | D:9      | Reached XP level 11. HP: 45/99 MP: 10/13
  9830 | D:9      | HP: 20/99 [manticore (8)]
  9831 | D:9      | 9831 ||| READING 4 scrolls of teleportation.
  9832 | D:9      | 9832 ||| DRINKING 3 potions of heal wounds.
 10153 | D:9      | 10153 ||| DROPPING ring of ice.
 10154 | D:9      | 10154 ||| UPGRADING to ring of Gueshredo {Fly rPois Int+2}.
 10156 | D:9      | 10156 ||| UPGRADING to ring "Qerutzun" {rC+ Str+2 Slay+4
                  | SInv}.
 10158 | D:9      | 10158 ||| REMOVING ring of see invisible.
 10159 | D:9      | 10159 ||| DROPPING ring of see invisible.
 10160 | D:9      | 10160 ||| UPGRADING to ring of protection from fire.
 10161 | D:9      | 10161 ||| UPGRADING to +4 ring of protection.
 10163 | D:9      | 10163 ||| UPGRADING to ring of Gueshredo {Fly rPois Int+2}.
 10165 | D:9      | 10165 ||| UPGRADING to ring of the Blue Sultana {rPois rC+
                  | Dex+2 Stlth+}.
 10222 | D:10     | Entered Level 10 of the Dungeon
 10223 | D:10     | Found Waseuta's Weapon Boutique.
 10248 | D:10     | 10248 ||| INVOKING Heroism.
 10251 | D:10     | 10251 ||| Stepping ~*~*~tactically~*~*~ (cloud).
 10252 | D:10     | 10252 ||| Stepping ~*~*~tactically~*~*~ (cloud).
 10253 | D:10     | 10253 ||| Stepping ~*~*~tactically~*~*~ (cloud).
 10347 | D:10     | 10347 ||| INVOKING Heroism.
 10353 | D:10     | Noticed Sonja
 10361 | D:10     | HP: 21/99 [wraith (7)]
 10362 | D:10     | 10362 ||| READING 3 scrolls of teleportation.
 10363 | D:10     | 10363 ||| DRINKING 2 potions of heal wounds.
 10364 | D:10     | 10364 ||| INVOKING Heroism.
 10371 | D:10     | 10371 ||| INVOKING Heroism.
 10373 | D:10     | HP: 23/99 [yak (4)]
 10374 | D:10     | 10374 ||| READING 2 scrolls of teleportation.
 10375 | D:10     | 10375 ||| DRINKING potion of heal wounds.
 10381 | D:10     | HP: 23/99 [yak (9)]
 10382 | D:10     | 10382 ||| READING scroll of teleportation.
 10383 | D:10     | Killed Sonja
 10384 | D:10     | Reached skill level 15 in Ranged Weapons
 10384 | D:10     | 10384 ||| INVOKING Heroism.
 10386 | D:10     | HP: 14/99 [poisoned by Sonja]
 10386 | D:10     | HP: 4/99 [wyvern (10)]
 10386 | D:10     | Mangled by an orc warrior

Levels and vault maps discovered:
D:1:      saegor_arrival_simple_c, layout_basic
D:2:      layout_basic, hellmonk_ecumenical_altar_leap_of_faith
D:3:      layout_loops_corners, lemuel_round_altar
D:4:      layout_layer_cave, nicolae_overflow_crystal_walls,
          minmay_temple_entry_mist
D:5:      layout_rooms, mainiacjoe_overflow_large_starburst,
          columned_hall_lemuel
D:6:      layout_loops_cross, portal_sewer_entry_d, nicolae_fountain_basement
D:7:      layout_cave_pools, nicolae_ossuary_entry_ruins, minmay_shop_damaged,
          hellmonk_no_cap
D:8:      layout_basic, nicolae_tso_carved_into_rock, serial_shops, shop,
          uniq_pikel
D:9:      minmay_the_grid_triangle_9x9_rhombus_thin_mashed
          [minmay_the_grid_triangle_9x9_fully_insulated_deathbox,
          minmay_the_grid_triangle_9x9_prize_special,
          minmay_the_grid_triangle_9x9_corruption,
          minmay_the_grid_triangle_9x9_negative_grid], layout_layer_cave,
          kennysheep_decorative_pillar, kennysheep_generic_room_13
D:10:     layout_rooms, lemuel_round_altar, lair_entry_dummy, serial_shops,
          shop_statue, amcnicky_mini_pool_medium, uniq_sonja
Temple:   kb_temple_of_zot

Skill      XL: |  1  2  3  4  5  6  7  8  9 10 11 |
---------------+----------------------------------+-----
Ranged Weapons | 3 4 5 7 8 10 12 14 15 | 15.0
Fighting       | 2 3 4 5 6 8 9 10 | 10.1
Armour         | 1 2 3 |  3.0
Dodging        | 3 4 5 6 7 |  7.1
Invocations    | 1 4 |  4.0
Spellcasting   | |  1.0
Hexes          | |  2.0

Action                     |  1- 3 |  4- 6 |  7- 9 | 10-12 || total
---------------------------+-------+-------+-------+-------++-------
   Fire: Sling             |   124 |   195 |   191 |       ||   510
         Shortbow          |       |       |   229 |       ||   229
         Triple crossbow   |       |       |    87 |   152 ||   239
 Invoke: Heroism           |       |       |    12 |    12 ||    24
    Use: Scroll            |     5 |     5 |     9 |     8 ||    27
         Potion            |       |     2 |     4 |     4 ||    10
 Armour: Ring mail         |    14 |    13 |       |       ||    27
         Robe              |     1 |    36 |       |       ||    37
         Leather armour    |       |     8 |   135 |    63 ||   206
  Dodge: Dodged            |    30 |    62 |   230 |   159 ||   481
  Block: Other             |       |       |       |    52 ||    52
         Reflection        |       |       |       |     5 ||     5

Table legend:
 A = Non-vault XP
 B = Vault XP
 C = Vault XP percentage of total XP
 D = Non-vault monster count
 E = Vault monster count
 F = Vault count percentage of total count
                 A         B        C        D         E       F
            +---------+---------+-------+---------+---------+-------
      Total |    8734 |    6263 |  41.8 |     215 |      50 |  18.9
            +---------+---------+-------+---------+---------+-------
        D:1 |      47 |       0 |   0.0 |      23 |       0 |   0.0
        D:2 |      41 |       0 |   0.0 |      14 |       0 |   0.0
        D:3 |      45 |       0 |   0.0 |      11 |       0 |   0.0
        D:4 |     522 |       0 |   0.0 |      31 |       0 |   0.0
        D:5 |     928 |     187 |  16.8 |      17 |       2 |  10.5
        D:6 |     935 |      14 |   1.5 |      15 |       1 |   6.2
        D:7 |    1132 |     119 |   9.5 |      30 |       3 |   9.1
        D:8 |    1557 |     651 |  29.5 |      37 |       1 |   2.6
        D:9 |    1176 |    3938 |  77.0 |      23 |      13 |  36.1
       D:10 |    2351 |    1102 |  31.9 |      14 |       3 |  17.6
    Ossuary |       0 |     252 | 100.0 |       0 |      27 | 100.0
            +---------+---------+-------+---------+---------+-------
